 Dungeon Sprint DCSS version 0.30-a0-772-g5528072125 (webtiles) character file.

Game seed: 12089180687034713915

6062 rocky1 the Unseen (level 10, -5/109 HPs)
             Began as a Gargoyle Brigand on Feb 13, 2023.
             Was an Initiate of Gozag.
             Slain by a demonic crawler (9 damage)
             ... in the Dungeon (Sprint I: "Red Sonja").
             The game lasted 00:14:01 (1621 turns).

rocky1 the Unseen (Gargoyle Brigand)                Turns: 1621, Time: 00:14:02

Health: -5/109     AC: 13    Str: 15    XL:     10   Next: 87%
Magic:  10/10      EV: 11    Int: 12    God:    Gozag
Gold:   12         SH:  9    Dex: 15    Spells: 9/9 levels left

rFire   . . .      SeeInvis +    a - +0 scimitar
rCold   . . .      Faith    .    A - +0 buckler {rN+}
rNeg    + + .      Spirit   .    q - +0 robe
rPois   ∞          Reflect  +    t - +1 helmet {SInv}
rElec   +          Harm     .    c - +0 cloak
rCorr   .          Rampage  +    (no gloves)
Will    .....      NoTele   +    p - +0 pair of boots {rampage} Stlth
                                 K - amulet of Makhleb's Condemnation {Reflect Fly Slay+5 SH+5}
HPRegen 0.38/turn                (no ring)
MPRegen 0.12/turn                (no ring)

@: berserking, flying, hasted, very quick
A: sickness immunity, AC +7, negative energy resistance 1, electricity
resistance, torment resistance 1, petrification resistance
a: Renounce Religion, Potion Petition, Call Merchant, Bribe Branch


You were in the Dungeon.
You worshipped Gozag.
Gozag was noncommittal.
You visited 1 branch You collected 2996 gold pieces.
You spent 2984 gold pieces at shops.

Inventory:

Hand Weapons
 a - a +0 scimitar (weapon)
 b - a +1 dagger of venom
 y - the +3 mace "Bytiohecw" {flame, Str+2}
   (You found it in the Dungeon)

   Str:       It affects your strength (+2).
Missiles
 d - 9 poisoned darts
 e - 4 curare-tipped darts (quivered)
Armour
 c - a +0 cloak (worn)
 p - a +0 pair of boots of rampaging (worn)
 q - a +0 robe (worn)
 t - a +1 helmet of see invisible (worn)
 A - a +0 buckler of positive energy (worn)
Jewellery
 j - a ring of wizardry
 v - the ring "Ylluosof" {*Corrode rElec rF+ rN+ Slay+2}
   (You found it in the Dungeon)

   [ring of positive energy]

   Slay:      It affects your accuracy & damage with ranged weapons and melee
   (+2).
   rF:        It protects you from fire.
   rElec:     It insulates you from electricity.
   rN:        It protects you from negative energy.
   *Corrode:  It may corrode you when you take damage.
 H - an amulet of guardian spirit
 K - the amulet of Makhleb's Condemnation (around neck) {Reflect Fly Slay+5 SH+5}
   (You bought it in a shop in the Dungeon)

   [amulet of reflection]

   It reflects blocked missile attacks.
   Slay:      It affects your accuracy & damage with ranged weapons and melee
   (+5).
   Fly:       It grants you flight.
   SH:        It affects your SH (+5).
Wands
 l - a wand of roots (21)
 r - a wand of acid (7)
 C - a wand of polymorph (3)
Scrolls
 k - a scroll of blinking
 o - a scroll of poison
 s - 2 scrolls of vulnerability {unknown}
 u - 3 scrolls of enchant weapon
 z - 2 scrolls of fear
 B - a scroll of amnesia
 D - 3 scrolls of identify
 E - a scroll of silence
 F - a scroll of fog
 G - a scroll of acquirement {unknown}
Potions
 f - 3 potions of curing
 g - a potion of heal wounds
 h - 3 potions of haste
 i - 2 potions of magic
 m - 2 potions of mutation
 n - 2 potions of lignification {unknown}
 w - a potion of flight {unknown}
 I - a potion of resistance {unknown}
Miscellaneous
 x - a box of beasts


   Skills:
 + Level 13.2 Fighting
 - Level 13.0 Short Blades
 + Level 0.0(8.3) Long Blades
 - Level 1.7 Throwing
 - Level 0.7 Dodging
 * Level 19.9 Stealth
 + Level 2.4 Shields
 - Level 4.7 Evocations


You had 9 spell levels left.
You didn't know any spells.
Your spell library was empty.

Dungeon Overview and Level Annotations

Branches:
Dungeon (1/1)

Altars:
Cheibriados
Dithmenos
Elyvilon
Fedhas
Gozag
Hepliaklqana
Kikubaaqudgha
Makhleb
Nemelex Xobeh
Okawaru
Qazlal
Ru
Sif Muna
Trog
Uskayaw
Vehumet
Wu Jian
Xom
Yredelemnul
Zin
The Shining One
Jiyva
Lugonu

Shops:
D ![**?[*=*[[?=:=[!


Innate Abilities, Weirdness & Mutations

You are immune to sickness and miasma.
Your stone body is resilient. (AC +7)
You are immune to poison.
You resist negative energy. (rN+)
You are resistant to electric shocks. (rElec)
You are resistant to unholy torment.
You are immune to petrification.


Message History

The demonic crawler is moderately wounded.
The demonic crawler hits you!
The demonic crawler hits you but does no damage.
You block the demonic crawler's attack.
You hit the demonic crawler but do no damage.
The demonic crawler is lightly wounded.
The demonic crawler barely misses you.
The demonic crawler hits you but does no damage.
The demonic crawler hits you!
You barely miss the demonic crawler. The demonic crawler misses you.
The demonic crawler hits you!
* * * LOW HITPOINT WARNING * * *
The demonic crawler completely misses you.
A red film seems to cover your vision as you go berserk!
You feel yourself moving faster!
You feel mighty!
You hit the demonic crawler but do no damage.
The demonic crawler hits you but does no damage.
You block the demonic crawler's attack. The demonic crawler barely misses you.
You slash the demonic crawler!
The demonic crawler is lightly wounded.
You block the demonic crawler's attack. The demonic crawler hits you.
* * * LOW HITPOINT WARNING * * *
The demonic crawler hits you!
* * * LOW HITPOINT WARNING * * *
You barely miss the demonic crawler.
The demonic crawler is lightly wounded.
The demonic crawler barely misses you.
The demonic crawler hits you but does no damage. x2
You slash the demonic crawler!
The demonic crawler is lightly wounded.
The demonic crawler hits you!
* * * LOW HITPOINT WARNING * * *
The demonic crawler closely misses you.
The demonic crawler hits you but does no damage.
You slash the demonic crawler!
The demonic crawler is lightly wounded.
The demonic crawler hits you but does no damage.
You block the demonic crawler's attack. The demonic crawler hits you!
You die...
Your body crumbles into a pile of gold.

##########################*****
#<.#.)'..#.)(..#__#..'..)#,$*,$
#..'..#.)'..#s@'..'..#...##+#$*
#..#####'#####'#__####)..'$.#$*
#..####..#...#.####..#####$.+$*
#..#__####..##s#§§~.)#..#*+##**
#..#_____##'#§§§§~§§.§..#,,,,,*
#⌠⌠#_.∩...'..§_#~~~§)#..#,,,,,+
####_..__##_.#§##'#####'###,,,*
*$$#_____###+#.#..)[###.'.#,,,*
############.####+###.###.#,,**


You could see 2 demonic crawlers.

Vanquished Creatures
  2 centaur warriors (D)
  Sonja (D)
  A deep troll (D)
  An oklob plant (D)
  2 demonic crawlers (D)
  2 unseen horrors (D)
  2 kobold demonologists (D)
  A hornet (D)
  A slime creature (D)
  Sigmund (D)
  A yak (D)
  2 redbacks (D)
  2 floating eyes (D)
  An ogre (D)
  7 necrophages (D)
  8 jellies (D)
  Ijyb (D)
  A ballistomycete spore (D)
37 creatures vanquished.

Vanquished Creatures (others)
  A ballistomycete spore (D)
1 creature vanquished.

Grand Total: 38 creatures vanquished

Notes
Turn   | Place    | Note
-------+----------+-------------------------------------------
     0 | D        | rocky1 the Gargoyle Brigand began the quest for the Orb.
     0 | D        | Reached XP level 1. HP: 12/12 MP: 1/1
     2 | D        | Noticed Ijyb
     7 | D        | Killed Ijyb
     8 | D        | Reached skill level 6 in Stealth
     8 | D        | Reached XP level 2. HP: 15/19 MP: 2/2
     8 | D        | Reached XP level 3. HP: 18/23 MP: 3/3
   236 | D        | Noticed an ogre
   239 | D        | Killed an ogre
   240 | D        | Reached skill level 5 in Short Blades
   240 | D        | Reached skill level 8 in Stealth
   240 | D        | Reached XP level 4. HP: 30/30 MP: 4/4
   351 | D        | Noticed Sigmund
   354 | D        | Killed Sigmund
   355 | D        | Reached skill level 10 in Stealth
   355 | D        | Reached XP level 5. HP: 37/37 MP: 5/5
   355 | D        | Reached XP level 6. HP: 42/42 MP: 6/6
   471 | D        | Found an ornate altar of the Wu Jian Council.
   471 | D        | Found a shimmering blue altar of Sif Muna.
   473 | D        | Found a radiant altar of Vehumet.
   512 | D        | Found Xoasozuc's Armour Emporium.
   512 | D        | Found an ancient bone altar of Kikubaaqudgha.
   512 | D        | Found a hazy altar of Hepliaklqana.
   512 | D        | Found a stormy altar of Qazlal.
   512 | D        | Found a hide-covered altar of Uskayaw.
   512 | D        | Found a blossoming altar of Fedhas.
   512 | D        | Found a bloodstained altar of Trog.
   512 | D        | Found an iron altar of Okawaru.
   512 | D        | Found a basalt altar of Yredelemnul.
   512 | D        | Found a glowing golden altar of the Shining One.
   512 | D        | Found a snail-covered altar of Cheibriados.
   512 | D        | Found a sacrificial altar of Ru.
   512 | D        | Found a glowing silver altar of Zin.
   512 | D        | Found a shadowy altar of Dithmenos.
   512 | D        | Found a white marble altar of Elyvilon.
   512 | D        | Noticed a yak
   513 | D        | Found an opulent altar of Gozag.
   514 | D        | Killed a yak
   515 | D        | Reached skill level 11 in Stealth
   515 | D        | Reached XP level 7. HP: 48/48 MP: 7/7
   515 | D        | Found a sparkling altar of Nemelex Xobeh.
   520 | D        | Became a worshipper of Gozag Ym Sagoz the Greedy
   524 | D        | Bought a +0 pair of boots of rampaging for 126 gold pieces
   540 | D        | Noticed Sonja
   542 | D        | Killed Sonja
   543 | D        | Reached skill level 10 in Short Blades
   543 | D        | Reached skill level 13 in Stealth
   543 | D        | Reached XP level 8. HP: 56/56 MP: 8/8
   626 | D        | Found Luwonies's Distillery.
   634 | D        | Bought a potion of heal wounds for 60 gold pieces
   634 | D        | Bought a potion of heal wounds for 60 gold pieces
   646 | D        | Noticed a deep troll
   648 | D        | Killed a deep troll
   649 | D        | Reached skill level 15 in Stealth
   665 | D        | Found Kuemn's Armour Emporium.
   672 | D        | Bought a +1 helmet of see invisible for 214 gold pieces
   693 | D        | Noticed a centaur warrior
   715 | D        | Found a burning altar of Makhleb.
   715 | D        | Found a viscous altar of Jiyva.
   715 | D        | Found a shimmering altar of Xom.
   715 | D        | Found a corrupted altar of Lugonu.
   715 | D        | Noticed a slime creature
   717 | D        | Killed a slime creature
   718 | D        | Reached skill level 10 in Fighting
   718 | D        | Reached XP level 9. HP: 62/62 MP: 9/9
   752 | D        | Noticed a centaur warrior
   755 | D        | Killed a centaur warrior
   756 | D        | Reached skill level 16 in Stealth
   756 | D        | Killed a centaur warrior
   757 | D        | Reached skill level 17 in Stealth
   772 | D        | Noticed a hornet
   774 | D        | Killed a hornet
   786 | D        | Noticed an oklob plant
   787 | D        | Killed an oklob plant
   788 | D        | Reached XP level 10. HP: 71/71 MP: 10/10
   922 | D        | Noticed an unseen horror
   923 | D        | Noticed an unseen horror
   926 | D        | Killed an unseen horror
   927 | D        | Reached skill level 18 in Stealth
   927 | D        | Killed an unseen horror
   989 | D        | HP: 1/108 [acid (9)]
  1231 | D        | Found Pazxebuu's Book Boutique.
  1257 | D        | Reached skill level 19 in Stealth
  1278 | D        | Found Azen's Jewellery Emporium.
  1284 | D        | Found Ubohaol's Distillery.
  1285 | D        | Identified the ring "Ylluosof" {*Corrode rElec rF+ rN+
                  | Slay+2}
  1287 | D        | Identified the +3 mace "Bytiohecw" {flame, Str+2}
  1351 | D        | Found Natesm's General Store.
  1351 | D        | Found Cuyf's General Store.
  1351 | D        | Found Hyebeic's Magic Scroll Boutique.
  1353 | D        | Found Nadom's Armour Emporium.
  1353 | D        | Found Ysoypsae's General Store.
  1353 | D        | Found Ziumaent's Jewellery Shoppe.
  1353 | D        | Found Quijua's Assorted Antiques.
  1353 | D        | Found Okuit's Antique Armour Emporium.
  1353 | D        | Found Fitun's Armour Shop.
  1353 | D        | Found Zit Fitugg's Magic Scroll Shoppe.
  1355 | D        | Bought a scroll of fear for 44 gold pieces
  1355 | D        | Bought a +0 buckler of positive energy for 93 gold pieces
  1355 | D        | Bought a scroll of amnesia for 44 gold pieces
  1355 | D        | Bought a wand of polymorph (3) for 46 gold pieces
  1355 | D        | Bought a potion of curing for 33 gold pieces
  1355 | D        | Bought a scroll of identify for 22 gold pieces
  1356 | D        | Bought a scroll of blinking for 97 gold pieces
  1356 | D        | Bought a scroll of magic mapping for 97 gold pieces
  1359 | D        | Bought a scroll of poison for 40 gold pieces
  1359 | D        | Bought a scroll of silence for 95 gold pieces
  1359 | D        | Bought a scroll of fog for 40 gold pieces
  1359 | D        | Bought a scroll of fear for 40 gold pieces
  1359 | D        | Found Adocvuse's Jewellery Boutique.
  1361 | D        | Bought 2 scrolls of enchant weapon for 165 gold pieces
  1363 | D        | Bought a potion of haste for 290 gold pieces
  1363 | D        | Bought a scroll labelled BOCIFODOGA for 29 gold pieces
  1363 | D        | Bought a scroll of identify for 58 gold pieces
  1363 | D        | Bought a scroll labelled LOATOGHONK for 29 gold pieces
  1363 | D        | Bought a twisted cameo amulet for 145 gold pieces
  1363 | D        | Bought a puce potion for 26 gold pieces
  1363 | D        | Bought a scroll of identify for 58 gold pieces
  1403 | D        | Noticed a kobold demonologist
  1404 | D        | Noticed a kobold demonologist
  1406 | D        | Killed a kobold demonologist
  1408 | D        | Killed a kobold demonologist
  1458 | D        | Bought a potion of berserk rage for 70 gold pieces
  1458 | D        | Bought a potion of heal wounds for 70 gold pieces
  1458 | D        | Bought a potion of mutation for 112 gold pieces
  1461 | D        | Bought the amulet of Makhleb's Condemnation {Reflect Fly
                  | Slay+5 SH+5} for 781 gold pieces
  1521 | D        | Noticed a demonic crawler
  1521 | D        | Noticed a demonic crawler
  1521 | D        | Noticed a demonic crawler
  1521 | D        | Noticed a demonic crawler
  1522 | D        | Killed a demonic crawler
  1523 | D        | Reached skill level 1 in Shields
  1523 | D        | Killed a demonic crawler
  1546 | D        | HP: 3/73 [demonic crawler (9)]
  1620 | D        | HP: 4/109 [demonic crawler (13)]
  1621 | D        | Slain by a demonic crawler

Illustrated notes

Levels and vault maps discovered:
D:        dungeon_sprint_1 [red_sonja_temple_1, red_sonja_temple_small_1]

Skill      XL: |  1  2  3  4  5  6  7  8  9 10 |
---------------+-------------------------------+-----
Fighting       | 3 4 6 7 8 10 11 13 | 13.2
Short Blades   | 3 5 7 8 10 11 12 13 | 13.0
Stealth        | 6 8 10 11 13 15 17 19 | 19.9
Evocations     | 4 |  4.7
Shields        | 2 |  2.4
Throwing       | |  1.7
Dodging        | |  0.7

Action                     |  1- 3 |  4- 6 |  7- 9 | 10-12 || total
---------------------------+-------+-------+-------+-------++-------
  Melee: Dagger            |     2 |     3 |     8 |    54 ||    67
         Scimitar          |       |       |       |    35 ||    35
         Punch             |       |       |       |     2 ||     2
  Throw: Dart              |     2 |       |       |     2 ||     4
    Use: Potion            |       |       |       |     8 ||     8
         Scroll            |       |       |       |     3 ||     3
   Stab: Sleeping          |     2 |     3 |     7 |    15 ||    27
         Distracted        |       |       |     1 |     1 ||     2
 Armour: Robe              |       |       |       |    42 ||    42
  Dodge: Dodged            |       |       |       |    42 ||    42
  Block: Buckler           |       |       |       |    23 ||    23

Table legend: (Time is in decaauts)
 A = Elapsed time spent in this place.
 B = Non-inter-level travel time spent in this place.
 C = Inter-level travel time spent in this place.
 D = Time resting spent in this place.
 E = Time spent auto-exploring this place.
 F = Levels seen in this place.
 G = Mean time per level.
                   A        B        C        D        E       F      G
               +--------+--------+--------+--------+--------+-----+--------+
         Total |   1599 |   1486 |    113 |    771 |      0 |   1 | 1599.0 |
       Dungeon |   1599 |   1486 |    113 |    771 |      0 |   1 | 1599.0 |
               +--------+--------+--------+--------+--------+-----+--------+

Top non-repeatable levels by time:
       D: 1599 daAuts
